 Dungeon Crawl Stone Soup version 0.25.1-8-g42b30a86e7 (webtiles) character file.

Game seed: 7041646251029462043

180 Gabide the Cudgeler (level 5, -1/61 HPs)
             Began as a Human Abyssal Knight on Dec 10, 2020.
             Was a Believer of Lugonu.
             Succumbed to a scorpion's poison
             ... on level 3 of the Dungeon.
             The game lasted 00:07:59 (3405 turns).

Gabide the Cudgeler (Human Abyssal Knight)          Turns: 3405, Time: 00:08:00

Health: -1/61      AC: 12    Str: 14    XL:     5   Next: 91%
Magic:  6/7        EV:  6    Int: 12    God:    Lugonu [**....]
Gold:   148        SH:  0    Dex: 12    Spells: 4/4 levels left

rFire    . . .     SeeInvis .   d - +1 whip (flame)
rCold    . . .     Gourm    .   (no shield)
rNeg     . . .     Faith    .   f - +0 shadow dragon scales
rPois    .         Spirit   .   (no helmet)
rElec    .         Reflect  .   (no cloak)
rCorr    .         Harm     .   (no gloves)
MR       .....                  k - +1 pair of boots
Stlth    ..........             (no amulet)
HPRegen  0.20/turn              h - ring of flight
MPRegen  0.10/turn              (no ring)

@: berserking, lethally poisoned (-1 -> -22), drained, very quick
A: no striking features
a: Depart the Abyss, Bend Space, Renounce Religion, Evoke Flight


You were on level 3 of the Dungeon.
You worshipped Lugonu.
Lugonu was pleased with you.
You were hungry.

You visited 1 branch of the dungeon, and saw 4 of its levels.
You visited the Abyss 1 time.

You collected 148 gold pieces.

Inventory:

Hand Weapons
 a - a +1 mace
 d - a +1 whip of flaming (weapon)
 e - a +2 spear of flaming
Missiles
 j - 92 stones (quivered)
Armour
 f - +0 shadow dragon scales (worn)
 k - a +1 pair of boots (worn)
Jewellery
 h - a ring of flight (left hand)
Wands
 o - a wand of polymorph (5)
Scrolls
 l - a scroll of fear
 m - a scroll of fog
 s - a scroll of identify
Potions
 i - a potion of heal wounds {unknown}
 n - a potion of lignification {unknown}
 p - a potion of invisibility {unknown}
 q - a potion of magic {unknown}
 r - a potion of mutation {unknown}
Comestibles
 c - 6 rations


   Skills:
 + Level 3.4(2.6) Fighting
 * Level 4.0(3.2) Maces & Flails
 * Level 1.8(1.1) Throwing
 + Level 2.5(1.8) Armour
 + Level 1.5(0.8) Dodging
 * Level 2.6(1.9) Invocations


You had 4 spell levels left.
You didn't know any spells.
Your spell library contained the following spells:

 Spells                   Type           Power        Failure   Level  Hunger
 Summon Small Mammal      Summ           #...         100%        1    ##.....
 Call Imp                 Summ           #.......     100%        2    ###....
 Call Canine Familiar     Summ           #.......     100%        3    ####...
 Summon Guardian Golem    Hex/Summ       #.......     100%        3    ####...
 Summon Ice Beast         Ice/Summ       #.......     100%        4    #####..
 Summon Lightning Spire   Summ/Air       #.......     100%        4    #####..


Dungeon Overview and Level Annotations

Branches:
Dungeon (4/15)
 Temple: D:4-7

Altars:
Hepliaklqana
Qazlal
Trog


Message History

The scorpion poisons you!
Okay, then.
You don't have enough health at the moment.
Okay, then.
Okay, then.
It was a potion of berserk rage.
A red film seems to cover your vision as you go berserk!
You feel yourself moving faster!
You feel mighty!
* * * LOW HITPOINT WARNING * * *
You feel sick. The scorpion barely misses you.
You are too berserk!
Your shadow dragon scales prevents you from hitting the scorpion.
The scorpion is moderately wounded.
* * * LOW HITPOINT WARNING * * *
You feel sick. The scorpion barely misses you.
You whack the scorpion! You burn the scorpion.
You kill the scorpion!
Lugonu accepts your kill.
Your base Maces & Flails skill increases to level 4!
You die...

#.##.##.#
########.....####.
#.##.##.#
##########.
#.....).# ##_##
#.... ####.####
#8...8 ##### #.#
### #.....# #.
#.#########.## #.
#........#...# ##.
########†....##8...
#.. #.@...##....
###.. ####.##8....
#.... ### #....
#.... #8... #....
##># #....
#######....
#.#.##....
#.........
####.#.#..


There were no monsters in sight!

Vanquished Creatures
  A scorpion (D:3)
  A worker ant (D:4)
  4 adders (D:3)
  3 worms
  3 leopard geckos
  3 orcs (D:3)
  2 giant cockroaches
  6 goblins
  4 hobgoblins
  9 jackals
  8 bats
  4 frilled lizards
  7 kobolds
  7 rats
62 creatures vanquished.

Notes
Turn   | Place    | Note
-------+----------+-------------------------------------------
     0 | Abyss:1  | Gabide the Human Abyssal Knight began the quest for the
                  | Orb.
     0 | Abyss:1  | Reached XP level 1. HP: 18/18 MP: 2/2
    30 | Abyss:1  | Noticed a wretched star
    31 | D:1      | Escaped the Abyss
   150 | D:1      | Reached skill level 1 in Throwing
   166 | D:1      | Reached * piety under Lugonu
   186 | D:1      | Reached XP level 2. HP: 13/24 MP: 3/3
   609 | D:1      | Reached XP level 3. HP: 27/29 MP: 4/4
  1200 | D:2      | Found a stormy altar of Qazlal.
  2226 | D:3      | Reached XP level 4. HP: 35/35 MP: 5/5
  2291 | D:3      | Reached skill level 3 in Maces & Flails
  2292 | D:3      | You fall into a shaft and drop 1 floor!
  2514 | D:3      | Reached ** piety under Lugonu
  2589 | D:3      | Found a hazy altar of Hepliaklqana.
  2633 | D:3      | Reached XP level 5. HP: 41/41 MP: 6/6
  2810 | D:3      | Found a faded altar of an unknown god.
  3116 | D:3      | Found a bloodstained altar of Trog.
  3402 | D:3      | HP: 2/41 [scorpion (7)]
  3405 | D:3      | Reached skill level 4 in Maces & Flails
  3405 | D:3      | Succumbed to a scorpion's poison

Illustrated notes

Levels and vault maps discovered:
D:1:      tarquinn_simple_flora_water_d, layout_rooms, minmay_fountain_box,
          minmay_tetromino_o4
D:2:      layout_basic, nicolae_overflow_crystal_walls, st_stairs_13
D:3:      layout_loops_cross, bloody_trog, nicolae_overflow_hidden_temple,
          chequers_ecumenical_altar_grove
D:4:      layout_layer_cave, minmay_temple_entry_statues_pillars,
          evilmike_ruin_ashenzari

Skill      XL: |  1  2  3  4  5 |
---------------+----------------+-----
Throwing       | 1 |  1.8
Maces & Flails | 3 4 |  4.0
Fighting       | |  3.4
Armour         | |  2.5
Dodging        | |  1.5
Invocations    | |  2.6

Action                   |  1- 3 |  4- 6 || total
-------------------------+-------+-------++-------
Melee: Mace              |    97 |       ||    97
       Whip              |     7 |   120 ||   127
Throw: Stone             |    43 |       ||    43
Invok: Depart the Abyss  |     1 |       ||     1
  Use: Scroll            |    10 |       ||    10
       Potion            |       |     1 ||     1
 Stab: Sleeping          |       |     2 ||     2
  Eat: Chunk             |     3 |     1 ||     4
       Ration            |     1 |       ||     1
Armor: Leather armour    |    49 |       ||    49
       Shadow dragon sca |     6 |    80 ||    86
Dodge: Dodged            |    64 |    32 ||    96
